[ PARTIDA AOE2 · #507083268 ]
UnrankedMongoles vs Saracens
Equipo del jugador · VICT
Equipo rival · DERR
[ ANÁLISIS DE REPETICIÓN · EXTRAÍDO DE LA PARTIDA GRABADA ]
Feudal
18:34
Castillos
30:22
Imperial
—
| APM promedio | 65.7 |
| APM pico | 119 |
| eAPM promedio | 25.2 |
| Aldeanos / militares | 132 / 75 |
Foco
⚔️ 31.5% · 🌾 68.5%
Mangudai ×49 · Archer ×22 · Mangonel ×2 · Battering Ram ×2
Feudal
9:35
Castillos
25:53
Imperial
—
| APM promedio | 58.9 |
| APM pico | 124 |
| eAPM promedio | 32.3 |
| Aldeanos / militares | 162 / 67 |
Foco
⚔️ 62.0% · 🌾 38.0%
Mameluke ×35 · Archer ×17 · Mangonel ×8 · Monk ×7
Mapa de la partida
Recursos iniciales + cada clic de construcción. Líneas = muros · curvas = relieve. ◆ oro · ⬟ piedra · ● bayas · ✦ reliquia · ◌ hueco del cierre
Tu base· Abierta — flanco sin cerrar
Base de Lunar Spark· Abierta — hueco de 8t
Terreno inicial suavizado · ◌ = hueco del cierre detectado · pasá el cursor para detalles
Inputs por minuto
— Guthrie_Govan - - Lunar Spark
Build order — Guthrie_Govan
Primeras 150 de 371 acciones detectadas
| 0:00 | Crear | Villager (Male) |
| 0:01 | Crear | Villager (Male) |
| 0:01 | Crear | Villager (Male) |
| 0:01 | Crear | Villager (Male) |
| 0:02 | Construir | House |
| 0:03 | Construir | House |
| 1:24 | Construir | Palisade Wall |
| 1:29 | Crear | Villager (Male) |
| 1:50 | Crear | Villager (Male) |
| 1:59 | Crear | Villager (Male) |
| 2:25 | Crear | Villager (Male) |
| 2:40 | Construir | Lumber Camp |
| 2:42 | Crear | Villager (Male) |
| 2:46 | Crear | Villager (Male) |
| 2:57 | Construir | House |
| 3:08 | Crear | Villager (Male) |
| 3:30 | Construir | House |
| 3:31 | Construir | House |
| 3:43 | Crear | Villager (Male) |
| 4:16 | Crear | Villager (Male) |
| 4:29 | Crear | Villager (Male) |
| 4:31 | Crear | Villager (Male) |
| 4:53 | Crear | Villager (Male) |
| 5:00 | Crear | Villager (Male) |
| 5:00 | Crear | Villager (Male) |
| 5:10 | Construir | Mill |
| 5:50 | Crear | Villager (Male) |
| 5:58 | Investigar | Loom |
| 5:58 | Investigar | Loom |
| 7:01 | Construir | Town Center |
| 7:19 | Construir | Palisade Wall |
| 7:21 | Construir | Palisade Wall |
| 7:57 | Crear | Villager (Male) |
| 8:00 | Crear | Villager (Male) |
| 8:06 | Crear | Villager (Male) |
| 8:06 | Crear | Villager (Male) |
| 8:13 | Crear | Villager (Male) |
| 8:18 | Crear | Villager (Male) |
| 8:58 | Crear | Villager (Male) |
| 10:12 | Crear | Villager (Male) |
| 10:12 | Crear | Villager (Male) |
| 10:35 | Construir | House |
| 11:18 | Construir | House |
| 11:55 | Crear | Villager (Male) |
| 11:55 | Crear | Villager (Male) |
| 13:06 | Crear | Villager (Male) |
| 13:21 | Crear | Villager (Male) |
| 13:23 | Construir | House |
| 13:53 | Crear | Villager (Male) |
| 14:09 | Crear | Villager (Male) |
| 14:54 | Construir | House |
| 15:11 | Crear | Villager (Male) |
| 15:31 | Construir | Barracks |
| 15:34 | Crear | Villager (Male) |
| 16:24 | Investigar | Feudal Age |
| 16:24 | Investigar | Feudal Age |
| 16:40 | Construir | Mining Camp |
| 16:48 | Construir | Mining Camp |
| 17:33 | Construir | Outpost |
| 17:43 | Construir | House |
| 17:45 | Construir | House |
| 17:46 | Construir | House |
| 17:47 | Construir | House |
| 17:48 | Construir | Palisade Wall |
| 17:50 | Construir | Palisade Wall |
| 18:34 | Edad | Edad Feudal |
| 18:41 | Construir | Archery Range |
| 18:44 | Investigar | Double-Bit Axe |
| 18:45 | Crear | Villager (Male) |
| 18:51 | Construir | House |
| 18:55 | Construir | Watch Tower |
| 18:59 | Construir | Palisade Wall |
| 19:03 | Construir | Palisade Wall |
| 19:07 | Crear | Villager (Male) |
| 19:14 | Construir | Blacksmith |
| 19:27 | Crear | Archer |
| 19:41 | Crear | Archer |
| 19:43 | Crear | Villager (Male) |
| 20:17 | Crear | Villager (Male) |
| 20:21 | Construir | Farm |
| 20:23 | Construir | Farm |
| 20:25 | Construir | Farm |
| 20:28 | Construir | Farm |
| 20:44 | Crear | Villager (Male) |
| 20:47 | Construir | Farm |
| 21:07 | Crear | Archer |
| 21:08 | Crear | Villager (Male) |
| 21:11 | Construir | Lumber Camp |
| 21:25 | Crear | Villager (Male) |
| 21:40 | Crear | Villager (Male) |
| 21:54 | Construir | Watch Tower |
| 21:56 | Construir | House |
| 21:58 | Construir | Palisade Wall |
| 21:59 | Construir | House |
| 22:01 | Construir | Palisade Wall |
| 22:22 | Crear | Archer |
| 22:22 | Crear | Archer |
| 22:34 | Construir | Stone Wall |
| 22:54 | Construir | Watch Tower |
| 22:55 | Crear | Archer |
| 23:03 | Crear | Villager (Male) |
| 23:14 | Construir | Palisade Wall |
| 23:16 | Construir | Palisade Wall |
| 23:20 | Crear | Villager (Male) |
| 23:22 | Crear | Archer |
| 23:28 | Construir | Farm |
| 23:30 | Construir | Farm |
| 23:50 | Construir | Palisade Wall |
| 23:51 | Construir | Palisade Wall |
| 23:52 | Construir | Palisade Wall |
| 24:04 | Crear | Archer |
| 24:07 | Crear | Villager (Male) |
| 24:41 | Construir | Palisade Wall |
| 24:47 | Construir | Palisade Wall |
| 25:02 | Construir | House |
| 25:14 | Construir | Palisade Wall |
| 25:14 | Construir | Palisade Wall |
| 25:17 | Crear | Archer |
| 25:18 | Crear | Archer |
| 25:31 | Crear | Villager (Male) |
| 25:35 | Construir | Farm |
| 25:36 | Crear | Villager (Male) |
| 25:40 | Construir | Watch Tower |
| 25:48 | Crear | Villager (Male) |
| 25:56 | Construir | Watch Tower |
| 25:58 | Crear | Archer |
| 25:59 | Crear | Villager (Male) |
| 26:00 | Crear | Villager (Male) |
| 26:02 | Construir | Market |
| 26:08 | Construir | Mining Camp |
| 26:21 | Construir | Palisade Wall |
| 26:26 | Construir | Palisade Wall |
| 26:56 | Crear | Archer |
| 26:57 | Crear | Villager (Male) |
| 26:58 | Crear | Villager (Male) |
| 27:41 | Investigar | Castle Age |
| 27:48 | Construir | Watch Tower |
| 27:50 | Crear | Archer |
| 28:20 | Construir | Palisade Wall |
| 28:21 | Construir | House |
| 28:22 | Construir | House |
| 28:23 | Construir | House |
| 28:24 | Construir | House |
| 28:28 | Construir | Palisade Wall |
| 28:29 | Construir | Palisade Wall |
| 29:42 | Crear | Archer |
| 29:42 | Crear | Archer |
| 29:43 | Crear | Archer |
| 30:22 | Edad | Edad de los Castillos |
| 30:30 | Construir | Town Center |
Build order — Lunar Spark
Primeras 150 de 372 acciones detectadas
| 0:01 | Crear | Villager (Male) |
| 0:01 | Crear | Villager (Male) |
| 0:01 | Crear | Villager (Male) |
| 0:02 | Construir | House |
| 0:03 | Construir | House |
| 0:08 | Crear | Villager (Male) |
| 1:21 | Crear | Villager (Male) |
| 1:21 | Crear | Villager (Male) |
| 1:54 | Crear | Villager (Male) |
| 1:55 | Crear | Villager (Male) |
| 2:27 | Crear | Villager (Male) |
| 2:27 | Crear | Villager (Male) |
| 3:01 | Crear | Villager (Male) |
| 3:01 | Crear | Villager (Male) |
| 3:05 | Construir | Lumber Camp |
| 3:20 | Crear | Villager (Male) |
| 3:20 | Crear | Villager (Male) |
| 3:41 | Construir | House |
| 3:48 | Crear | Villager (Male) |
| 3:48 | Crear | Villager (Male) |
| 3:58 | Crear | Villager (Male) |
| 3:58 | Crear | Villager (Male) |
| 3:59 | Crear | Villager (Male) |
| 4:31 | Crear | Villager (Male) |
| 4:31 | Crear | Villager (Male) |
| 4:47 | Construir | Mill |
| 4:49 | Crear | Villager (Male) |
| 5:13 | Crear | Villager (Male) |
| 5:13 | Crear | Villager (Male) |
| 5:45 | Crear | Villager (Male) |
| 5:47 | Investigar | Loom |
| 6:49 | Crear | Villager (Male) |
| 7:25 | Investigar | Feudal Age |
| 7:25 | Investigar | Feudal Age |
| 7:25 | Investigar | Feudal Age |
| 7:50 | Crear | Villager (Male) |
| 8:08 | Construir | House |
| 8:12 | Construir | Palisade Wall |
| 8:40 | Crear | Villager (Male) |
| 9:08 | Crear | Villager (Male) |
| 9:15 | Crear | Villager (Male) |
| 9:35 | Edad | Edad Feudal |
| 9:35 | Crear | Villager (Male) |
| 9:47 | Investigar | Double-Bit Axe |
| 11:07 | Crear | Villager (Male) |
| 11:07 | Crear | Villager (Male) |
| 11:12 | Construir | House |
| 11:20 | Construir | House |
| 12:09 | Crear | Villager (Male) |
| 12:09 | Crear | Villager (Male) |
| 12:49 | Crear | Villager (Male) |
| 14:28 | Construir | Palisade Wall |
| 14:30 | Construir | Palisade Wall |
| 14:35 | Construir | Palisade Wall |
| 14:47 | Construir | Palisade Wall |
| 14:52 | Construir | Palisade Wall |
| 16:02 | Construir | Town Center |
| 16:36 | Construir | House |
| 16:37 | Construir | House |
| 16:59 | Crear | Villager (Male) |
| 16:59 | Crear | Villager (Male) |
| 16:59 | Crear | Villager (Male) |
| 17:20 | Crear | Villager (Male) |
| 17:40 | Construir | Barracks |
| 17:54 | Construir | Farm |
| 17:56 | Construir | Farm |
| 17:57 | Construir | Farm |
| 18:05 | Crear | Villager (Male) |
| 18:23 | Construir | Archery Range |
| 18:36 | Crear | Villager (Male) |
| 19:08 | Crear | Archer |
| 19:08 | Crear | Archer |
| 19:08 | Crear | Archer |
| 19:10 | Crear | Villager (Male) |
| 19:10 | Crear | Villager (Male) |
| 19:12 | Construir | Farm |
| 19:15 | Construir | Farm |
| 19:20 | Crear | Villager (Male) |
| 19:47 | Construir | Blacksmith |
| 20:01 | Crear | Villager (Male) |
| 20:06 | Crear | Archer |
| 20:17 | Construir | Mining Camp |
| 20:23 | Crear | Villager (Male) |
| 20:45 | Construir | House |
| 21:01 | Investigar | Fletching |
| 21:03 | Crear | Archer |
| 21:24 | Construir | Market |
| 21:27 | Crear | Villager (Male) |
| 21:27 | Crear | Villager (Male) |
| 21:47 | Crear | Villager (Male) |
| 21:55 | Crear | Archer |
| 21:56 | Crear | Archer |
| 22:07 | Crear | Villager (Male) |
| 22:32 | Crear | Villager (Male) |
| 22:32 | Crear | Villager (Male) |
| 23:13 | Investigar | Castle Age |
| 23:13 | Investigar | Castle Age |
| 23:18 | Construir | House |
| 23:24 | Construir | Outpost |
| 23:27 | Construir | Outpost |
| 23:48 | Construir | Gate |
| 24:00 | Construir | Stone Wall |
| 24:13 | Crear | Villager (Male) |
| 24:26 | Construir | House |
| 24:29 | Crear | Villager (Male) |
| 24:34 | Construir | House |
| 24:36 | Crear | Villager (Male) |
| 24:53 | Construir | Lumber Camp |
| 25:01 | Crear | Villager (Male) |
| 25:11 | Construir | House |
| 25:34 | Crear | Archer |
| 25:49 | Crear | Villager (Male) |
| 25:50 | Construir | House |
| 25:53 | Edad | Edad de los Castillos |
| 26:11 | Construir | Castle |
| 26:15 | Crear | Archer |
| 26:17 | Crear | Archer |
| 26:17 | Crear | Archer |
| 26:22 | Construir | House |
| 26:24 | Construir | House |
| 27:02 | Construir | Stone Wall |
| 27:08 | Construir | Stone Wall |
| 27:09 | Construir | Stone Wall |
| 27:15 | Crear | Archer |
| 27:15 | Crear | Archer |
| 27:30 | Construir | Mining Camp |
| 27:51 | Crear | Mameluke |
| 27:59 | Construir | House |
| 28:57 | Crear | Villager (Male) |
| 28:57 | Crear | Villager (Male) |
| 29:12 | Crear | Mameluke |
| 29:12 | Crear | Mameluke |
| 29:35 | Crear | Villager (Male) |
| 29:35 | Crear | Villager (Male) |
| 29:35 | Crear | Villager (Male) |
| 29:36 | Crear | Villager (Male) |
| 30:38 | Construir | Siege Workshop |
| 31:04 | Construir | House |
| 31:05 | Crear | Mameluke |
| 31:05 | Crear | Mameluke |
| 31:10 | Crear | Mangonel |
| 31:46 | Crear | Mameluke |
| 31:46 | Crear | Mameluke |
| 31:46 | Crear | Mameluke |
| 31:54 | Crear | Archer |
| 31:54 | Crear | Archer |
| 31:55 | Crear | Archer |
| 32:05 | Construir | House |
| 32:30 | Crear | Mangonel |
| 32:32 | Crear | Villager (Male) |
Cronología de la partida
| 1:24 | Guthrie_Govan · wall_segment Palisade Wall x1 |
| 7:19 | Guthrie_Govan · wall_segment Palisade Wall x1 |
| 7:21 | Guthrie_Govan · wall_segment Palisade Wall x1 |
| 8:12 | Lunar Spark · wall_segment Palisade Wall x12 |
| 9:35 | Lunar Spark · age_up feudal |
| 14:28 | Lunar Spark · wall_segment Palisade Wall x1 |
| 14:30 | Lunar Spark · wall_segment Palisade Wall x1 |
| 14:35 | Lunar Spark · wall_segment Palisade Wall x1 |
| 14:47 | Lunar Spark · wall_segment Palisade Wall x1 |
| 14:52 | Lunar Spark · wall_segment Palisade Wall x1 |
| 15:31 | Guthrie_Govan · first_building Barracks |
| 17:40 | Lunar Spark · first_building Barracks |
| 17:48 | Guthrie_Govan · wall_segment Palisade Wall x1 |
| 17:50 | Guthrie_Govan · wall_segment Palisade Wall x1 |
| 18:23 | Lunar Spark · first_building Archery Range |
| 18:34 | Guthrie_Govan · age_up feudal |
| 18:41 | Guthrie_Govan · first_building Archery Range |
| 18:59 | Guthrie_Govan · wall_segment Palisade Wall x1 |
| 19:03 | Guthrie_Govan · wall_segment Palisade Wall x1 |
| 21:58 | Guthrie_Govan · wall_segment Palisade Wall x1 |
| 22:01 | Guthrie_Govan · wall_segment Palisade Wall x1 |
| 22:34 | Guthrie_Govan · wall_segment Stone Wall x1 |
| 22:51 | Lunar Spark · first_market_sell 500 stone |
| 22:53 | Lunar Spark · first_market_buy 500 food |
| 23:14 | Guthrie_Govan · wall_segment Palisade Wall x1 |
| 23:16 | Guthrie_Govan · wall_segment Palisade Wall x1 |
| 23:50 | Guthrie_Govan · wall_segment Palisade Wall x1 |
| 23:51 | Guthrie_Govan · wall_segment Palisade Wall x1 |
| 23:52 | Guthrie_Govan · wall_segment Palisade Wall x1 |
| 24:00 | Lunar Spark · wall_segment Stone Wall x1 |
| 24:41 | Guthrie_Govan · wall_segment Palisade Wall x1 |
| 24:47 | Guthrie_Govan · wall_segment Palisade Wall x1 |
| 25:14 | Guthrie_Govan · wall_segment Palisade Wall x1 |
| 25:14 | Guthrie_Govan · wall_segment Palisade Wall x1 |
| 25:53 | Lunar Spark · age_up castle |
| 26:11 | Lunar Spark · first_building Castle |
| 26:21 | Guthrie_Govan · wall_segment Palisade Wall x1 |
| 26:26 | Guthrie_Govan · wall_segment Palisade Wall x1 |
| 27:02 | Lunar Spark · wall_segment Stone Wall x1 |
| 27:08 | Lunar Spark · wall_segment Stone Wall x1 |
| 27:09 | Lunar Spark · wall_segment Stone Wall x1 |
| 27:33 | Guthrie_Govan · first_market_sell 500 wood |
| 27:34 | Guthrie_Govan · first_market_buy 100 food |
| 28:20 | Guthrie_Govan · wall_segment Palisade Wall x1 |
| 28:28 | Guthrie_Govan · wall_segment Palisade Wall x1 |
| 28:29 | Guthrie_Govan · wall_segment Palisade Wall x1 |
| 30:22 | Guthrie_Govan · age_up castle |
| 30:38 | Lunar Spark · first_building Siege Workshop |
| 30:52 | Guthrie_Govan · wall_segment Palisade Wall x1 |
| 32:31 | Guthrie_Govan · first_building Siege Workshop |
| 33:16 | Guthrie_Govan · wall_segment Palisade Wall x1 |
| 34:58 | Guthrie_Govan · first_building Castle |
| 42:29 | Lunar Spark · first_building Monastery |
| 44:20 | Guthrie_Govan · wall_segment Stone Wall x1 |
| 44:20 | Guthrie_Govan · wall_segment Stone Wall x1 |
| 44:21 | Guthrie_Govan · wall_segment Stone Wall x1 |
| 44:22 | Guthrie_Govan · wall_segment Stone Wall x1 |
| 44:47 | Guthrie_Govan · first_building Stable |
| 55:08 | Lunar Spark · resign |
[ ANÁLISIS IA · 1 CRÉDITO ]
¿Qué pasó realmente en esta partida?
Wolo.gg analiza cada decisión: build order, eco, micro, errores típicos por bracket. Análisis personalizado por WhatsApp o Discord en 30 segundos.
Guía civ
Mongoles
Perfil
Jugador #4224302